 Dungeon Sprint DCSS version 0.16-a0-3827-g034e2a6 (webtiles) character file.

11 Fv001 the Covered (level 2, -1/30 HPs)
             Began as a Gargoyle Fighter on Jan 29, 2015.
             Was an Initiate of Okawaru.
             Slain by a flying skull (6 damage)
             ... in the Dungeon (Sprint VII: "The Pits").
             The game lasted 00:02:02 (211 turns).

Fv001 the Covered (Gargoyle Fighter)                 Turns: 211, Time: 00:02:02

Health: -1/30      AC: 10    Str: 24    XL:     2   Next: 29%
Magic:  2/2        EV:  7    Int:  8    God:    Okawaru [......]
Gold:   0          SH:  9    Dex:  9    Spells: 0 memorised, 1 level left

rFire  . . .     SeeInvis .     a - +0 flail
rCold  . . .     Clarity  .     b - +0 scale mail
rNeg   + . .     SustAb   .     c - +0 shield
rPois  ∞         Gourm    .     (no helmet)
rElec  +         Spirit   .     (no cloak)
rCorr  .         Warding  .     (no gloves)
rMut   .         NoTele   +     (no boots)
MR     .....                    (no amulet)
Stlth  ..........               (no ring)
                                (no ring)

@: berserking, very quick, not resistant to hostile enchantments, extremely
unstealthy
A: negative energy resistance 1, electricity resistance, unbreathing,
petrification resistance, rot immunity, AC +2
a: Renounce Religion


You were in the Dungeon.
You worshipped Okawaru.
Okawaru was noncommittal.
You were not hungry.

You visited 1 branch

Inventory:

Hand weapons
 a - a +0 flail (weapon)
Armour
 b - a +0 scale mail (worn)
 c - a +0 shield (worn)
Scrolls
 k - a scroll of blinking
 p - 3 scrolls of remove curse
 q - 5 scrolls of amnesia
 r - a scroll of summoning
Potions
 e - a potion of might
 f - a potion of curing
 g - a potion of heal wounds
 h - a potion of haste
 i - 4 potions of magic
 j - 2 potions of berserk rage
 o - 2 potions of invisibility
Comestibles
 d - 8 bread rations
 l - 3 chunks of flesh
 m - 40 fruits
 n - 7 meat rations


   Skills:
 + Level 4.2 Fighting
 + Level 2.2 Maces & Flails
 + Level 4.4 Armour
 + Level 4.1 Shields


You had one spell level left.
You didn't know any spells.

Dungeon Overview and Level Annotations

Branches:
Dungeon (1/1)

Altars:
Ashenzari
Cheibriados
Dithmenos
Elyvilon
Fedhas
Gozag
Kikubaaqudgha
Makhleb
Nemelex Xobeh
Okawaru
Qazlal
Ru
Sif Muna
Trog
Vehumet
Xom
Yredelemnul
Zin
The Shining One
Beogh
Jiyva
Lugonu


Innate Abilities, Weirdness & Mutations

You are resistant to torment.
You are immune to poison.
Your stone body is very resilient (AC +2).
You resist negative energy.
You are resistant to electric shocks.
You can survive without breathing.
You are immune to petrification.
You are immune to rotting.


Message History

The flying skull barely misses you.
The giant mite bites you but does no damage.
The adder bites you but does no damage.
Drink which item? (? for menu, Esc to quit)
A red film seems to cover your vision as you go berserk!
You feel yourself moving faster!
You feel mighty!
The flying skull hits you but does no damage.
You block the adder's attack.
The giant mite bites you but does no damage.
You block the flying skull's attack.
You miss the flying skull.
The flying skull is lightly damaged.
The flying skull hits you!
* * * LOW HITPOINT WARNING * * *
The adder bites you but does no damage.
The giant mite bites you but does no damage.
You miss the flying skull.
The flying skull is lightly damaged.
The flying skull hits you.
You die...

#######'#####..........
#...........'..........
#'#####'#####......#..#
#.#...÷.# #..........
#.#.....# ####'#####+
#.###'### #.......##+
#.#.....# #.......##.
#.#.....# #.......##.
#.####@## #...<...##.
#.#..Ssz...##.......##.
#.#...o....##.......##.
#+###########.......##.
##########. #. #. #. #.


You could see a flying skull, an adder, a giant mite and an orc.

Vanquished Creatures
  A giant mite (D)
  An orc (D)
  A quokka (D)
  A ball python (D)
  A giant newt (D)
5 creatures vanquished.

Vanquished Creatures (others)
  A quicksilver dragon (D)
  A deep elf master archer (D)
  A Shadow Fiend (D)
  An azure jelly (D)
  A spriggan defender (D)
  A green death (D)
  A blizzard demon (D)
  An ice dragon (D)
  A moth of wrath (D)
  An eye of draining (D)
10 creatures vanquished.

Grand Total: 15 creatures vanquished

Notes
Turn   | Place    | Note
--------------------------------------------------------------
     0 | D        | Fv001, the Gargoyle Fighter, began the quest for the Orb.
     0 | D        | Reached XP level 1. HP: 14/14 MP: 1/1
    14 | D        | Reached skill level 4 in Fighting
    14 | D        | Reached XP level 2. HP: 18/20 MP: 2/2
    18 | D        | Killed an ice dragon
    22 | D        | Killed an azure jelly
    25 | D        | Found a sacrificial altar of Ru.
    25 | D        | Found a basalt altar of Yredelemnul.
    25 | D        | Found a shadowy altar of Dithmenos.
    25 | D        | Found a deep blue altar of Sif Muna.
    25 | D        | Found a burning altar of Makhleb.
    25 | D        | Found a shimmering altar of Xom.
    25 | D        | Found an ancient bone altar of Kikubaaqudgha.
    25 | D        | Found a sparkling altar of Nemelex Xobeh.
    26 | D        | Found a glowing golden altar of the Shining One.
    26 | D        | Found a bloodstained altar of Trog.
    26 | D        | Found a shattered altar of Ashenzari.
    26 | D        | Found a white marble altar of Elyvilon.
    26 | D        | Found a snail-covered altar of Cheibriados.
    26 | D        | Found a blossoming altar of Fedhas.
    26 | D        | Found a radiant altar of Vehumet.
    26 | D        | Found a glowing silver altar of Zin.
    26 | D        | Found a corrupted altar of Lugonu.
    26 | D        | Found a viscous altar of Jiyva.
    26 | D        | Found a roughly hewn altar of Beogh.
    26 | D        | Found an iron altar of Okawaru.
    32 | D        | Found a stormy altar of Qazlal.
    32 | D        | Found an opulent altar of Gozag.
    32 | D        | Killed a quicksilver dragon
    58 | D        | Killed a deep elf master archer
    70 | D        | Killed a moth of wrath
    71 | D        | Killed a Shadow Fiend
    79 | D        | Killed a green death
    80 | D        | Killed an eye of draining
    82 | D        | Killed a spriggan defender
   108 | D        | Became a worshipper of Warmaster Okawaru
   180 | D        | Killed a blizzard demon
   200 | D        | Noticed a flying skull
   211 | D        | Slain by a flying skull

Action                   || total
-------------------------++-------
Melee: Flail             ||    26
  Use: Potion            ||     1
